Kradschützen Motorcycle Team
Construct Light Support Kompanie
Selects Italian Combined Arms Battlegroup
Selects Bersaglieri Squad
Construct Mechanized Kompanie
Selects Semovente da 75/18 Assault Gun
Selects Carro Armato M13/40 Light Tank
254 Reconnaissance Tractor
Carro Armato M13/40 Light Tank
18-tonne Recovery Half-track
Carro Armato M13/40 Light Tank
Selects Vehicle Support - Secure Location
Selects Vehicle Support - Force Recon
Marder III Tank Destroyer
Construct Panzerarmee Kommand